| TOP OF THE 1ST |
|
New York Mets batting - Pitching for Los Angeles Dodgers : LHP Alastair Tippett
|
|
Pitching: LHP Alastair Tippett
|
|
|
Batting: SHB Scott Scott
|
0-0: Ball 1-0: Ball 2-0: Ball 3-0: Called Strike 3-1: TRIPLE (Groundball, 3L, EV 108.8 MPH)
|
|
Batting: SHB Jonathan Jenkins
|
0-0: Ball 1-0: Ball 2-0: Ball 3-0: Called Strike 3-1: Called Strike 3-2: Strikes out swinging
|
|
Batting: SHB Harry Hoop
|
0-0: Swinging Strike 0-1: Ball 1-1: Swinging Strike 1-2: SINGLE (Groundball, 56S, EV 70.6 MPH) (infield hit) Scott Scott scores
|
|
Batting: SHB Gus Berry
|
Pickoff Throw to First - Out! 1-3 0-0: Ball 1-0: Ball 2-0: Called Strike 2-1: Foul Ball, location: 2F 2-2: Ball 3-2: Ground out 4-3 (Groundball, 4, EV 89.4 MPH)
|
| Top of the 1st over - 1 run, 2 hits, 0 errors, 0 left on base; New York 1 - Los Angeles 0 |
| BOTTOM OF THE 1ST |
|
Los Angeles Dodgers batting - Pitching for New York Mets : RHP Matt McAtee
|
|
Pitching: RHP Matt McAtee
|
|
|
Batting: SHB Joel Baker
|
0-0: Fly out, F9 (Flyball, 9LS, EV 75.6 MPH)
|
|
Batting: LHB Chris Ringwood
|
0-0: Ball 1-0: Ball 2-0: Fly out, F9 (Flyball, 9LD, EV 78.1 MPH)
|
|
Batting: LHB Bob Branham
|
0-0: Foul Ball, location: 2F 0-1: Called Strike 0-2: Fly out, F8 (Flyball, 8RM, EV 96.2 MPH)
|
| Bottom of the 1st over - 0 runs, 0 hits, 0 errors, 0 left on base; New York 1 - Los Angeles 0 |
| TOP OF THE 2ND |
|
New York Mets batting - Pitching for Los Angeles Dodgers : LHP Alastair Tippett
|
|
Batting: RHB Melchor Sovrivilla
|
0-0: Ball 1-0: Called Strike 1-1: SINGLE (Line Drive, 89S, EV 95.6 MPH)
|
|
Batting: SHB Johnny Diaz
|
0-0: Ball Melchor Sovrivilla steals 2nd base (no throw) 1-0: Ball 2-0: Called Strike 2-1: Ball 3-1: SINGLE (Flyball, 56D, EV 85.0 MPH) Melchor Sovrivilla to third
|
|
Batting: SHB Kaname Fujimoto
|
0-0: Ball 1-0: Ball 2-0: Grounds into double play, 4-6-3 (Groundball, 4, EV 82.5 MPH) Melchor Sovrivilla scores
|
|
Batting: LHB Timo Gomez
|
0-0: Foul Ball, location: 2F 0-1: Ball 1-1: Ball 2-1: Ball 3-1: Foul Ball, location: 2F 3-2: Foul Ball, location: 2F 3-2: Fly out, F9 (Flyball, 9LD, EV 100.0 MPH)
|
| Top of the 2nd over - 1 run, 2 hits, 0 errors, 0 left on base; New York 2 - Los Angeles 0 |
| BOTTOM OF THE 2ND |
|
Los Angeles Dodgers batting - Pitching for New York Mets : RHP Matt McAtee
|
|
Batting: LHB Lirak Bazhunaishvili
|
0-0: Foul Ball, location: 2F 0-1: Ball 1-1: Ball 2-1: Ball 3-1: Base on Balls
|
|
Batting: RHB Clay Buchanan
|
0-0: Called Strike 0-1: Ball 1-1: Foul Ball, location: 2F 1-2: SINGLE (Line Drive, 78S, EV 93.8 MPH) Lirak Bazhunaishvili to second
|
|
Batting: RHB Jorge Severiano
|
0-0: Foul Ball, location: 2F 0-1: Foul Ball, location: 2F 0-2: Ball 1-2: Ball 2-2: Ball 3-2: Fly out, F8 (Line Drive, 8RM, EV 90.0 MPH)
|
|
Batting: LHB Ryan Taylor
|
0-0: Called Strike 0-1: Ball 1-1: Ball 2-1: Fly out, F2 (Popup, 5SF, EV 83.8 MPH)
|
|
Batting: RHB Tsutomu Irie
|
0-0: Called Strike 0-1: Ball 1-1: Ball 2-1: Ball 3-1: Foul Ball, location: 2F 3-2: Ground out 5-3 (Groundball, 5, EV 102.5 MPH)
|
| Bottom of the 2nd over - 0 runs, 1 hit, 0 errors, 2 left on base; New York 2 - Los Angeles 0 |
| TOP OF THE 3RD |
|
New York Mets batting - Pitching for Los Angeles Dodgers : LHP Alastair Tippett
|
|
Batting: LHB Bill Armijo
|
0-0: SINGLE (Groundball, 4MD, EV 100.0 MPH)
|
|
Batting: SHB Scott Scott
|
0-0: Foul Ball, location: 2F 0-1: Ball 1-1: Foul Ball, location: 2F 1-2: Fielders Choice at 2nd, 5-4 (Groundball, 56, EV 101.2 MPH)
|
|
Batting: SHB Jonathan Jenkins
|
0-0: Called Strike 0-1: Ball 1-1: Ball 2-1: Swinging Strike 2-2: Strikes out swinging
|
|
Batting: SHB Harry Hoop
|
0-0: Ball 1-0: Ball 2-0: Ground out 5-3 (Groundball, 56S, EV 85.6 MPH)
|
| Top of the 3rd over - 0 runs, 1 hit, 0 errors, 1 left on base; New York 2 - Los Angeles 0 |
| BOTTOM OF THE 3RD |
|
Los Angeles Dodgers batting - Pitching for New York Mets : RHP Matt McAtee
|
|
Batting: RHB Ben Mischnick
|
0-0: Ball 1-0: Fly out, F8 (Flyball, 8LXD, EV 104.4 MPH)
|
|
Batting: SHB Joel Baker
|
0-0: Foul Ball, location: 2F 0-1: Foul Ball, location: 2F 0-2: Ball 1-2: SOLO HOME RUN (Flyball, 89XD, EV 106.9 MPH), Distance : 400 ft
|
|
Batting: LHB Chris Ringwood
|
0-0: Ball 1-0: Ball 2-0: Foul Ball, location: 2F 2-1: Swinging Strike 2-2: Ball 3-2: Foul Ball, location: 2F 3-2: Base on Balls
|
|
Batting: LHB Bob Branham
|
0-0: Called Strike 0-1: Swinging Strike 0-2: Ball 1-2: SINGLE (Line Drive, 4D, EV 101.9 MPH) Chris Ringwood to second
|
|
Batting: LHB Lirak Bazhunaishvili
|
0-0: Grounds into double play, 6-4-3 (Groundball, 6, EV 105.6 MPH)
|
| Bottom of the 3rd over - 1 run, 2 hits, 0 errors, 1 left on base; New York 2 - Los Angeles 1 |
| TOP OF THE 4TH |
|
New York Mets batting - Pitching for Los Angeles Dodgers : LHP Alastair Tippett
|
|
Batting: SHB Gus Berry
|
0-0: Called Strike 0-1: SINGLE (Line Drive, 56D, EV 98.8 MPH)
|
|
Batting: RHB Melchor Sovrivilla
|
0-0: Ball 1-0: Called Strike 1-1: Ball 2-1: Ball 3-1: Foul Ball, location: 2F 3-2: Hit by Pitch Gus Berry to second
|
|
Batting: SHB Johnny Diaz
|
0-0: Called Strike 0-1: Swinging Strike 0-2: Strikes out swinging
|
|
Batting: SHB Kaname Fujimoto
|
0-0: Ball 1-0: Fielders Choice at 2nd, 3-6 (Groundball, 34, EV 89.4 MPH) Gus Berry to third
|
|
Batting: LHB Timo Gomez
|
0-0: Called Strike 0-1: Ground out U3 (Groundball, 3S, EV 87.5 MPH)
|
| Top of the 4th over - 0 runs, 1 hit, 0 errors, 2 left on base; New York 2 - Los Angeles 1 |
| BOTTOM OF THE 4TH |
|
Los Angeles Dodgers batting - Pitching for New York Mets : RHP Matt McAtee
|
|
Batting: RHB Clay Buchanan
|
0-0: Swinging Strike 0-1: Ball 1-1: Ball 2-1: Ball 3-1: Swinging Strike 3-2: Strikes out swinging
|
|
Batting: RHB Jorge Severiano
|
0-0: Called Strike 0-1: Ball 1-1: Fly out, F7 (Flyball, 78S, EV 98.1 MPH)
|
|
Batting: LHB Ryan Taylor
|
0-0: Foul Ball, location: 2F 0-1: Ball 1-1: Ball 2-1: Foul Ball, location: 2F 2-2: Foul Ball, location: 2F 2-2: Foul Ball, location: 2F 2-2: Strikes out looking
|
| Bottom of the 4th over - 0 runs, 0 hits, 0 errors, 0 left on base; New York 2 - Los Angeles 1 |
| TOP OF THE 5TH |
|
New York Mets batting - Pitching for Los Angeles Dodgers : LHP Alastair Tippett
|
|
Batting: LHB Bill Armijo
|
0-0: Called Strike 0-1: Ball 1-1: Foul Ball, location: 2F 1-2: Strikes out swinging
|
|
Batting: SHB Scott Scott
|
0-0: Called Strike 0-1: Ball 1-1: Ground out 6-3 (Groundball, 56, EV 110.0 MPH)
|
|
Batting: SHB Jonathan Jenkins
|
0-0: Ball 1-0: Ball 2-0: Swinging Strike 2-1: Called Strike 2-2: Strikes out swinging
|
| Top of the 5th over - 0 runs, 0 hits, 0 errors, 0 left on base; New York 2 - Los Angeles 1 |
| BOTTOM OF THE 5TH |
|
Los Angeles Dodgers batting - Pitching for New York Mets : RHP Matt McAtee
|
|
Batting: RHB Tsutomu Irie
|
0-0: Ball 1-0: Ball 2-0: Ball 3-0: Base on Balls
|
|
Batting: RHB Ben Mischnick
|
0-0: Ball 1-0: Ball 2-0: Ball 3-0: Called Strike 3-1: Called Strike 3-2: 2-RUN HOME RUN (Flyball, 78XD, EV 106.9 MPH), Distance : 404 ft
|
|
Batting: SHB Joel Baker
|
0-0: SINGLE (Groundball, P, EV 81.9 MPH) (infield hit)
|
|
Batting: LHB Chris Ringwood
|
0-0: Ball 1-0: Ball 2-0: Foul Ball, location: 2F 2-1: Foul Ball, location: 2F 2-2: Hit by Pitch Joel Baker to second
|
|
Pitching: RHP Victor Morin
|
|
|
Batting: LHB Bob Branham
|
0-0: Ball 1-0: Grounds into double play, 4-6-3 (Groundball, 13, EV 83.8 MPH) Joel Baker to third
|
|
Batting: LHB Lirak Bazhunaishvili
|
0-0: Ball 1-0: Ball 2-0: Called Strike 2-1: Fly out, F8 (Flyball, 8RD, EV 99.4 MPH)
|
| Bottom of the 5th over - 2 runs, 2 hits, 0 errors, 1 left on base; New York 2 - Los Angeles 3 |
| TOP OF THE 6TH |
|
New York Mets batting - Pitching for Los Angeles Dodgers : LHP Alastair Tippett
|
|
Batting: SHB Harry Hoop
|
0-0: Ball 1-0: SINGLE (Flyball, 56D, EV 93.8 MPH)
|
|
Batting: SHB Gus Berry
|
0-0: Foul Ball, location: 2F 0-1: Grounds into double play, 6-4-3 (Groundball, 56, EV 107.5 MPH)
|
|
Batting: RHB Melchor Sovrivilla
|
0-0: Ball 1-0: SOLO HOME RUN (Flyball, 78XD, EV 100.0 MPH), Distance : 400 ft
|
|
Batting: SHB Johnny Diaz
|
0-0: Foul Ball, location: 2F 0-1: Ground out 4-3 (Groundball, 4, EV 106.2 MPH)
|
| Top of the 6th over - 1 run, 2 hits, 0 errors, 0 left on base; New York 3 - Los Angeles 3 |
| BOTTOM OF THE 6TH |
|
Los Angeles Dodgers batting - Pitching for New York Mets : RHP Victor Morin
|
|
Batting: RHB Clay Buchanan
|
0-0: Swinging Strike 0-1: Swinging Strike 0-2: Foul Ball, location: 2F 0-2: Ball 1-2: Strikes out swinging
|
|
Batting: RHB Jorge Severiano
|
0-0: Ball 1-0: Swinging Strike 1-1: Ball 2-1: Ball 3-1: Base on Balls
|
|
Batting: LHB Ryan Taylor
|
0-0: Ball 1-0: Called Strike 1-1: Swinging Strike 1-2: Strikes out looking
|
|
Batting: RHB Tsutomu Irie
|
0-0: Called Strike 0-1: Ball 1-1: Ball 2-1: 2-RUN HOME RUN (Flyball, 7LD, EV 95.0 MPH), Distance : 342 ft
|
|
Batting: RHB Ben Mischnick
|
0-0: Called Strike 0-1: Foul Ball, location: 2F 0-2: Foul Ball, location: 2F 0-2: Foul Ball, location: 2F 0-2: Foul Ball, location: 2F 0-2: Ball 1-2: Strikes out looking
|
| Bottom of the 6th over - 2 runs, 1 hit, 0 errors, 0 left on base; New York 3 - Los Angeles 5 |
| TOP OF THE 7TH |
|
New York Mets batting - Pitching for Los Angeles Dodgers : LHP Alastair Tippett
|
|
Batting: SHB Kaname Fujimoto
|
0-0: Called Strike 0-1: Called Strike 0-2: Ball 1-2: Strikes out swinging
|
|
Batting: LHB Timo Gomez
|
0-0: Called Strike 0-1: Foul Ball, location: 2F 0-2: Ball 1-2: Foul Ball, location: 2F 1-2: Ball 2-2: SINGLE (Flyball, 8LS, EV 94.4 MPH)
|
|
Pitching: LHP Josh Ramirez
|
|
|
Batting: LHB Bill Armijo
|
0-0: Called Strike 0-1: Fly out, F6 (Popup, 6M, EV 59.4 MPH)
|
|
Batting: SHB Scott Scott
|
0-0: Swinging Strike 0-1: Called Strike 0-2: Strikes out looking
|
| Top of the 7th over - 0 runs, 1 hit, 0 errors, 1 left on base; New York 3 - Los Angeles 5 |
| BOTTOM OF THE 7TH |
|
Los Angeles Dodgers batting - Pitching for New York Mets : RHP Victor Morin
|
|
Pitching: RHP David Matheney
|
|
|
Batting: SHB Joel Baker
|
0-0: Ball 1-0: Called Strike 1-1: Swinging Strike 1-2: Ball 2-2: DOUBLE (Line Drive, 8LD, EV 91.2 MPH)
|
|
Batting: LHB Chris Ringwood
|
0-0: Ball 1-0: Ball 2-0: Foul Ball, location: 2F 2-1: Ball 3-1: 2-RUN HOME RUN (Flyball, 9D, EV 98.1 MPH), Distance : 368 ft
|
|
Batting: LHB Bob Branham
|
0-0: Called Strike 0-1: Ball 1-1: Ball 2-1: DOUBLE (Flyball, 8RXD, EV 86.9 MPH)
|
|
Batting: LHB Lirak Bazhunaishvili
|
0-0: Ball 1-0: Foul Ball, location: 2F 1-1: Called Strike 1-2: SINGLE (Groundball, 56D, EV 106.9 MPH) Bob Branham to third
|
|
Batting: RHB Clay Buchanan
|
0-0: Ball 1-0: Ball 2-0: 3-RUN HOME RUN (Line Drive, 7D, EV 103.8 MPH), Distance : 378 ft
|
|
Pitching: RHP Justin Howard
|
|
|
Batting: RHB Jorge Severiano
|
0-0: Called Strike 0-1: Foul Ball, location: 2F 0-2: Hit by Pitch, AND HE CHARGES THE MOUND! The benches clear!
|
|
Pitching: LHP Xu-gang Zhou
|
|
|
Pinch Runner at 1st Edwin Soto:
|
|
|
Pinch Hitting: RHB Isaiah Yarbrough
|
0-0: Foul Ball, location: 2F 0-1: DOUBLE (Line Drive, 3D, EV 100.6 MPH) Edwin Soto to third Runner from 3rd tries for Home, SAFE, throw by RF to home
|
|
Batting: RHB Tsutomu Irie
|
0-0: Called Strike 0-1: Called Strike 0-2: Ball 1-2: Ball 2-2: Strikes out swinging, 2-3 out at first.
|
|
Batting: RHB Ben Mischnick
|
0-0: Ball 1-0: Called Strike 1-1: Called Strike 1-2: Fly out, F8 (Flyball, 8LM, EV 87.5 MPH)
|
|
Batting: SHB Joel Baker
|
0-0: Ball 1-0: Foul Ball, location: 2F 1-1: Ball 2-1: Ground out 6-3 (Groundball, 6, EV 83.8 MPH)
|
| Bottom of the 7th over - 6 runs, 6 hits, 0 errors, 1 left on base; New York 3 - Los Angeles 11 |
| TOP OF THE 8TH |
|
New York Mets batting - Pitching for Los Angeles Dodgers : LHP Josh Ramirez
|
|
Now in RF: Isaiah Yarbrough
|
|
|
Batting: SHB Jonathan Jenkins
|
0-0: Ball 1-0: Foul Ball, location: 2F 1-1: Ball 2-1: Foul Ball, location: 2F 2-2: SINGLE (Line Drive, 89S, EV 93.1 MPH)
|
|
Batting: SHB Harry Hoop
|
0-0: Ball Wild Pitch! Jonathan Jenkins to second 1-0: Called Strike 1-1: Foul Ball, location: 2F 1-2: Ball 2-2: Strikes out swinging
|
|
Batting: SHB Gus Berry
|
0-0: Called Strike 0-1: Ball 1-1: 2-RUN HOME RUN (Flyball, 9LD, EV 96.2 MPH), Distance : 353 ft
|
|
Batting: RHB Melchor Sovrivilla
|
0-0: Ball 1-0: SINGLE (Groundball, 6MD, EV 100.6 MPH)
|
|
Batting: SHB Johnny Diaz
|
0-0: Grounds into double play, 6-4-3 (Groundball, 6, EV 108.8 MPH)
|
| Top of the 8th over - 2 runs, 3 hits, 0 errors, 0 left on base; New York 5 - Los Angeles 11 |
| BOTTOM OF THE 8TH |
|
Los Angeles Dodgers batting - Pitching for New York Mets : LHP Xu-gang Zhou
|
|
Batting: LHB Chris Ringwood
|
0-0: Swinging Strike 0-1: Ball 1-1: Foul Ball, location: 2F 1-2: SINGLE (Groundball, 6S, EV 61.9 MPH) (infield hit)
|
|
Batting: LHB Bob Branham
|
0-0: Swinging Strike 0-1: Called Strike 0-2: Foul Ball, location: 2F 0-2: Ball 1-2: Ball 2-2: Strikes out swinging
|
|
Batting: LHB Lirak Bazhunaishvili
|
0-0: Called Strike 0-1: Ball 1-1: Called Strike 1-2: Foul Ball, location: 2F 1-2: Ball 2-2: Strikes out swinging Chris Ringwood is caught stealing 2nd base 2-6 Batter strikes out.
|
| Bottom of the 8th over - 0 runs, 1 hit, 0 errors, 0 left on base; New York 5 - Los Angeles 11 |
| TOP OF THE 9TH |
|
New York Mets batting - Pitching for Los Angeles Dodgers : LHP Josh Ramirez
|
|
Batting: SHB Kaname Fujimoto
|
0-0: Called Strike 0-1: Ball 1-1: Called Strike 1-2: Ball 2-2: Ground out 5-3 (Groundball, 56, EV 84.4 MPH)
|
|
Pinch Hitting: SHB Sean Cook
|
0-0: Ball 1-0: Ball 2-0: SINGLE (Groundball, 4D, EV 98.1 MPH)
|
|
Pinch Hitting: RHB Jeff Jank
|
0-0: Ball 1-0: Swinging Strike 1-1: SINGLE (Groundball, 34D, EV 105.0 MPH) Sean Cook to second
|
|
Batting: SHB Scott Scott
|
0-0: Ball 1-0: Ball 2-0: Ball 3-0: Base on Balls Sean Cook to third Jeff Jank to second
|
|
Batting: SHB Jonathan Jenkins
|
0-0: Ball 1-0: Called Strike 1-1: Fly out, F9 (Flyball, 89M, EV 93.8 MPH)
|
|
Batting: SHB Harry Hoop
|
0-0: Ball 1-0: Ball 2-0: Called Strike 2-1: Ball 3-1: Called Strike 3-2: Foul Ball, location: 2F 3-2: Foul Ball, location: 2F 3-2: Foul Ball, location: 2F 3-2: Base on Balls Sean Cook scores Jeff Jank to third Scott Scott to second
|
|
Pitching: RHP Chut-sai Teoh
|
|
|
Batting: SHB Gus Berry
|
0-0: Called Strike 0-1: Ground out 2-3 (Groundball, 2R, EV 70.0 MPH)
|
| Top of the 9th over - 1 run, 2 hits, 0 errors, 3 left on base; New York 6 - Los Angeles 11 |
|